 Dungeon Crawl Stone Soup version 0.28-a0-1594-ga885d4b3d6 (webtiles) character file.

Game seed: 7715894222200638336

990 lonewolfV2 the Cleaver (level 8, 0/54 (68) HPs)
             Began as a Hill Orc Fighter on Jan 20, 2022.
             Was a Follower of Vehumet.
             Slain by a wight (4 damage)
             ... on level 7 of the Dungeon.
             The game lasted 00:10:13 (6558 turns).

lonewolfV2 the Cleaver (Hill Orc Fighter)           Turns: 6558, Time: 00:10:14

HP:   0/54 (68)     AC:  7    Str: 19    XL:     8   Next: 18%
MP:   8/8           EV:  9    Int: 10    God:    Vehumet [*.....]
Gold: 75            SH:  4    Dex: 10    Spells: 7/7 levels left

rFire   + . .      SeeInvis .   a - +2 war axe
rCold   . . .      Faith    .   c - +0 buckler
rNeg    . . .      Spirit   .   b - +0 scale mail
rPois   .          Reflect  .   (no helmet)
rElec   .          Harm     .   (no cloak)
rCorr   .          Rampage  .   (no gloves)
Will    .....                   (no boots)
Stlth   ..........              m - amulet of magic regeneration
HPRegen 0.18/turn               h - ring of protection from fire
MPRegen 0.51/turn               (no ring)

@: heavily drained
A: no striking features
a: Renounce Religion


You were on level 7 of the Dungeon.
You worshipped Vehumet.
Vehumet was aware of your devotion.
You visited 1 branch of the dungeon, and saw 6 of its levels.

You collected 171 gold pieces.
You spent 96 gold pieces at shops.

Inventory:

Hand Weapons
 a - a +2 war axe (weapon)
Armour
 b - a +0 scale mail (worn)
 c - a +0 buckler (worn)
Magical Staves
 g - a staff of poison
Jewellery
 h - a ring of protection from fire (left hand)
 m - an amulet of magic regeneration (around neck)
 t - an amulet of faith
Wands
 n - a wand of flame (5) (quivered)
 o - a wand of mindburst (9)
 u - a wand of iceblast (3)
Scrolls
 j - a scroll of identify
Potions
 d - 3 potions of might
 e - 2 potions of haste {unknown}
 f - a potion of magic
 i - a potion of heal wounds
 k - 3 potions of mutation
 l - 2 potions of curing {unknown}
 q - a potion of berserk rage {unknown}
 r - 2 potions of ambrosia
 s - a potion of invisibility {unknown}


   Skills:
 + Level 5.1 Fighting
 + Level 8.0 Axes
 + Level 0.9 Staves
 + Level 6.5 Armour
 + Level 1.2 Dodging
 + Level 0.1 Stealth
 + Level 4.5 Shields
 + Level 0.5 Evocations


You had 7 spell levels left.
You didn't know any spells.
Your spell library contained the following spells:

 Spells                   Type           Power      Damage    Failure   Level
 Magic Dart               Conj           0%         1d3       80%         1
 Summon Small Mammal      Summ           0%         N/A       80%         1
 Call Canine Familiar     Summ           0%         N/A       99%         3
 Mephitic Cloud           Conj/Pois/Air  0%         N/A       99%         3
 Summon Guardian Golem    Hex/Summ       0%         N/A       99%         3
 Alistair's Intoxication  Tmut/Pois      0%         N/A       100%        5
 Eringya's Noxious Bog    Tmut/Pois      0%         N/A       100%        6


Dungeon Overview and Level Annotations

Branches:
Dungeon (7/15)             Temple (0/1) D:6

Altars:
Trog
Vehumet

Shops:
D:6 !


Message History

* * * LOW HITPOINT WARNING * * *
The wight completely misses you.
You climb upwards.
There is a stone staircase leading down, spattered with blood here.
You start resting.
You start resting.
HP restored.
You start waiting.
Done waiting.
You start waiting.
Done waiting.
There is a stone staircase leading down, spattered with blood here.
You climb downwards.
There is a stone staircase leading up, spattered with blood here.
Things that are here:
a +0 robe; a +2 dagger You block the wight's attack.
Things that are here:
a +0 robe; a +2 dagger The wight hits you from afar with a +4 halberd!
There is a stone staircase leading up, spattered with blood here.
You block the wight's attack. The wight hits you with a +3 halberd!
You feel drained.
You slash the wight!
The wight is almost destroyed.
The wight closely misses you. The wight hits you with a +3 halberd.
You hit the wight.
You destroy the wight!
Vehumet accepts your kill.
The wight hits you from afar with a +4 halberd!
You feel drained.
The wight hits you from afar with a +4 halberd.
* * * LOW HITPOINT WARNING * * *
You feel drained.
Things that are here:
a +3 halberd; a +0 robe The wight hits you from afar with a +4 halberd!
* * * LOW HITPOINT WARNING * * *
You feel drained.
You die...

# ##.....##
#.#.......#
##.#.......#
.##..........#
............#
#..........#
#####........###
...(...z.).....#>#
.#..(..@[.......
##.(.[<........
............#....#
.........!........
..............#..#
..............# .#
................ .
.......##..#....#
....#.. .#.###..#


You could see a wight.

Vanquished Creatures
  Grinder (D:4)
  A necrophage (D:6)
  2 bullfrogs (D:6)
  A scorpion (D:6)
  2 water moccasin skeletons (D:6)
  4 wights
  A jelly (D:6)
  A bullfrog skeleton (D:6)
  An iguana (D:3)
  A howler monkey skeleton (D:6)
  8 adders
  An adder skeleton (D:2)
  8 worms
  A dart slug (D:3)
  6 orcs
  6 endoplasms
  4 giant cockroaches
  4 goblins
  3 hobgoblins
  7 jackals (D:2)
  9 kobolds
  2 quokkas (D:1)
  8 ball pythons
  4 bats
  A frilled lizard (D:1)
  13 rats
100 creatures vanquished.

Vanquished Creatures (others)
  A plant (D:1)
1 creature vanquished.

Grand Total: 101 creatures vanquished

Notes
Turn   | Place    | Note
-------+----------+-------------------------------------------
     0 | D:1      | lonewolfV2 the Hill Orc Fighter began the quest for the
                  | Orb.
     0 | D:1      | Reached XP level 1. HP: 19/19 MP: 1/1
   268 | D:1      | Reached XP level 2. HP: 27/27 MP: 2/2
   806 | D:1      | Reached skill level 3 in Axes
   859 | D:1      | Reached XP level 3. HP: 32/33 MP: 3/3
  1514 | D:2      | Upgraded the game from 0.28-a0-1567-g1695149f81 to
                  | 0.28-a0-1594-ga885d4b3d6
  2040 | D:2      | Got the Almanac of Venom
  2050 | D:2      | Reached XP level 4. HP: 31/40 MP: 4/4
  2660 | D:3      | Reached skill level 4 in Axes
  2660 | D:3      | Reached XP level 5. HP: 19/46 MP: 5/5
  2873 | D:3      | Found a faded altar of an unknown god.
  2906 | D:3      | Found a radiant altar of Vehumet.
  2921 | D:3      | Became a worshipper of Vehumet
  3770 | D:4      | Noticed Grinder
  3792 | D:4      | Paralysed by Grinder for 6 turns
  3795 | D:4      | HP: 1/46 [Grinder (2)]
  3801 | D:4      | Killed Grinder
  3802 | D:4      | Reached skill level 5 in Axes
  3802 | D:4      | Reached skill level 5 in Armour
  3802 | D:4      | Reached XP level 6. HP: 30/53 MP: 6/6
  4156 | D:4      | You fall into a shaft and drop 2 floors!
  4156 | D:6      | Found a staircase to the Ecumenical Temple.
  4224 | D:6      | Reached skill level 6 in Axes
  4368 | D:6      | Reached XP level 7. HP: 59/60 MP: 7/7
  4390 | D:6      | Found Akighed's Distillery.
  4405 | D:6      | Bought a potion of ambrosia for 96 gold pieces
  4480 | D:6      | Reached skill level 1 in Dodging
  5416 | D:6      | Reached skill level 7 in Axes
  5453 | D:6      | Noticed a moth of wrath
  5457 | D:6      | Found a bloodstained altar of Trog.
  5467 | D:6      | Reached * piety under Vehumet
  5467 | D:6      | Offered knowledge of Magic Dart by Vehumet.
  5610 | D:7      | Reached skill level 5 in Fighting
  5619 | D:6      | Reached XP level 8. HP: 17/68 MP: 8/8
  6095 | D:7      | Reached skill level 8 in Axes
  6558 | D:7      | Slain by a wight

Illustrated notes

Levels and vault maps discovered:
D:1:      amcnicky_arrival_choice, layout_loops_ring, chequers_big_river,
          skrybe_limestone_x
D:2:      layout_basic
D:3:      layout_loops_ring, vehumet_altar_wand_db,
          hellmonk_ecumenical_altar_pennies_from_heaven
D:4:      layout_basic, uniq_grinder, uniq_pikel
D:6:      layout_loops_ring, tgw_trog, minmay_temple_entry_arrows,
          gup_sewer_entry_glass, serial_shops, shop
D:7:      layout_cave_pools, kennysheep_mini_moat, serial_undead,
          serial_undead_b, serial_undead_d, serial_undead_e, serial_undead_a,
          serial_undead_b, serial_undead_d, serial_undead_a, serial_undead_e,
          serial_undead_a, serial_undead_c

Skill      XL: |  1  2  3  4  5  6  7  8 |
---------------+-------------------------+-----
Axes           | 3 4 5 6 7 8 |  8.0
Fighting       | 4 5 |  5.1
Shields        | 4 |  4.5
Armour         | 4 5 6 |  6.5
Dodging        | 1 |  1.2
Staves         | |  0.9
Stealth        | |  0.1
Evocations     | |  0.5

Action                   |  1- 3 |  4- 6 |  7- 9 || total
-------------------------+-------+-------+-------++-------
Melee: War axe           |   112 |   109 |    91 ||   312
       Staff             |    26 |       |       ||    26
Evoke: Wand              |       |       |     6 ||     6
  Use: Scroll            |     1 |     2 |     2 ||     5
       Potion            |       |     2 |       ||     2
Armor: Scale mail        |   109 |    60 |    32 ||   201
Dodge: Dodged            |   113 |    45 |    51 ||   209
Block: Buckler           |    51 |    16 |    18 ||    85

Table legend: (Time is in decaauts)
 A = Elapsed time spent in this place.
 B = Non-inter-level travel time spent in this place.
 C = Inter-level travel time spent in this place.
 D = Time resting spent in this place.
 E = Time spent auto-exploring this place.
 F = Levels seen in this place.
 G = Mean time per level.
                   A        B        C        D        E       F      G
               +--------+--------+--------+--------+--------+-----+--------+
         Total |   6682 |   6599 |     83 |   2064 |   3345 |   6 | 1113.7 |
       Dungeon |   6682 |   6599 |     83 |   2064 |   3345 |   6 | 1113.7 |
               +--------+--------+--------+--------+--------+-----+--------+

Top non-repeatable levels by time:
     D:6: 2398 daAuts
     D:1: 1350 daAuts
     D:2: 1151 daAuts
     D:3: 917 daAuts
     D:4: 835 daAuts
     D:7: 29 daAuts
